 Dungeon Crawl Stone Soup version 0.25-a0-420-g1cc7eeb0d1 (webtiles) character file.

Game seed: 4244270180376791798, levelgen mode: deterministic

23 Kohma the Chopper (level 2, -1/26 HPs)
             Began as a Hill Orc Abyssal Knight on Jan 18, 2020.
             Was a Follower of Lugonu.
             Slain by Sigmund
             ... wielding a +0 scythe
              (13 damage)
             ... on level 2 of the Dungeon.
             The game lasted 00:02:02 (986 turns).

Kohma the Chopper (Hill Orc Abyssal Knight)          Turns: 986, Time: 00:02:03

Health: -1/26      AC:  3    Str: 14    XL:     2   Next: 95%
Magic:  4/4        EV: 11    Int: 12    God:    Lugonu [*.....]
Gold:   22         SH:  0    Dex: 10    Spells: 1/1 levels left

rFire    . . .     SeeInvis .   a - +1 hand axe
rCold    . . .     Gourm    .   (no shield)
rNeg     . . .     Faith    .   b - +0 leather armour
rPois    .         Spirit   .   (no helmet)
rElec    .         Reflect  .   (no cloak)
rCorr    .         Harm     .   (no gloves)
MR       .....                  (no boots)
Stlth    +.........             (no amulet)
HPRegen  0.08/turn              (no ring)
MPRegen  0.09/turn              (no ring)

@: no status effects
A: no striking features
a: Depart the Abyss, Renounce Religion


You were on level 2 of the Dungeon.
You worshipped Lugonu.
Lugonu was aware of your devotion.
You were not hungry.

You visited 1 branch of the dungeon, and saw 2 of its levels.
You visited the Abyss 1 time.

You collected 22 gold pieces.

Inventory:

Hand Weapons
 a - a +1 hand axe (weapon)
Missiles
 i - 8 poisoned darts (quivered)
Armour
 b - a +0 leather armour (worn)
Jewellery
 g - an uncursed ring of stealth {unknown}
Wands
 j - a wand of disintegration (13)
Scrolls
 e - a scroll of blinking {unknown}
 f - a scroll of fog {unknown}
 k - a scroll of enchant armour {unknown}
Potions
 h - a potion of lignification {unknown}
 l - a potion of invisibility {unknown}
Comestibles
 c - 3 rations
 d - 3 chunks of flesh


   Skills:
 - Level 3.6 Fighting
 * Level 3.7 Axes
 + Level 2.6 Armour
 - Level 0.7 Dodging
 + Level 3.0 Invocations


You had one spell level left.
You didn't know any spells.
Your spell library contained the following spells:

 Spells                   Type           Power        Failure   Level  Hunger
 Magic Dart               Conj           #...         38%         1    ##.....
 Blink                    Tloc           N/A          52%         2    ###....
 Call Imp                 Summ           #.......     52%         2    ###....
 Slow                     Hex            #.......     52%         2    ###....
 Conjure Flame            Conj/Fire      #.......     77%         3    ####...
 Mephitic Cloud           Conj/Pois/Air  #.......     77%         3    ####...


Dungeon Overview and Level Annotations

Branches:
Dungeon (2/15)

Altars:

Annotations:
D:2 Sigmund


Message History

Found a ration.
Found a stone staircase leading down.
You pick up a book of Minor Magic and begin reading...
You add the spells Magic Dart, Blink, Call Imp, Slow, Conjure Flame and Mephitic Cloud to your library.
l - a fuming emerald potion Sigmund the Dreaded comes into view.
He is wielding a +0 scythe.
Sigmund shouts!
You see here a ration.
c - 3 rations (gained 1) Sigmund points at you and mumbles some strange words.
You are confused.
You're too confused to move!
Sigmund drinks a potion.
Sigmund seems to speed up.
Sigmund casts a spell at you. The puff of flame hits you!
Sigmund hits you from afar with a +0 scythe.
You feel less confused.
Sigmund hits you from afar with a +0 scythe!
Ouch! That really hurt!
You die...

#.##.#.......#
####.##.#.......#
......#.#.......#
####..#.#.......###
#..#.#.........
#..#.#........# #
#..#.#........#.#####
#..#.#........#.....#
#..#.######@.@...##.
#.........+....$...>#
#....##...#......####
#.)..........#......
#)..###...##.#######
#.....'...##...
#..####...##....#
#..# ###.##....# #..#
#.......#


You could see Sigmund.

Vanquished Creatures
  A dart slug (D:1)
  4 bats (D:1)
  2 giant cockroaches (D:1)
  4 goblins (D:1)
  2 hobgoblins
  3 kobolds (D:1)
  A frilled lizard (D:1)
17 creatures vanquished.

Notes
Turn   | Place    | Note
-------+----------+-------------------------------------------
     0 | Abyss:1  | Kohma the Hill Orc Abyssal Knight began the quest for the
                  | Orb.
     0 | Abyss:1  | Reached XP level 1. HP: 19/19 MP: 2/2
    31 | Abyss:1  | Noticed a ynoxinul
    37 | Abyss:1  | Found a corrupted altar of Lugonu.
    47 | D:1      | Escaped the Abyss
   213 | D:1      | Reached XP level 2. HP: 26/26 MP: 4/4
   978 | D:2      | Noticed Sigmund
   986 | D:2      | Slain by Sigmund

Levels and vault maps discovered:
D:1:      dpeg_arrival_central, layout_basic
D:2:      minmay_razor_zed, layout_basic, nicolae_overflow_crystal_walls,
          first_ration, uniq_jessica, uniq_sigmund

Skill      XL: |  1  2 |
---------------+-------+-----
Axes           | 3 |  3.7
Invocations    | 3 |  3.0
Fighting       | |  3.6
Armour         | |  2.6
Dodging        | |  0.7

Action                   || total
-------------------------++-------
Melee: Hand axe          ||    58
Armor: Leather armour    ||    22
Dodge: Dodged            ||    40

Table legend:
 A = Non-vault XP
 B = Vault XP
 C = Vault XP percentage of total XP
 D = Non-vault monster count
 E = Vault monster count
 F = Vault count percentage of total count
                 A         B        C        D         E       F
            +---------+---------+-------+---------+---------+-------
      Total |      33 |       0 |   0.0 |      17 |       0 |   0.0
            +---------+---------+-------+---------+---------+-------
        D:1 |      31 |       0 |   0.0 |      16 |       0 |   0.0
        D:2 |       2 |       0 |   0.0 |       1 |       0 |   0.0
            +---------+---------+-------+---------+---------+-------
